 Dungeon Crawl Stone Soup version 0.30.0 (webtiles) character file.

Game seed: 4975437719202747278

304 browni3141 the Sneak (level 6, -7/56 HPs)
             Began as an Armataur Delver on May 6, 2023.
             Was an Initiate of the Shining One.
             Killed by divine providence
             ... invoked by an orc priest
              (10 damage)
             ... on level 2 of the Dungeon.
             The game lasted 00:04:29 (2581 turns).

browni3141 the Sneak (Armataur Delver)              Turns: 2581, Time: 00:04:29

Health: -7/56      AC: 16    Str: 19    XL:     6   Next: 15%
Magic:  6/6        EV:  6    Int: 11    God:    the Shining One [......]
Gold:   134        SH:  0    Dex: 11    Spells: 5/5 levels left

rFire   + + .        a - +0 short sword
rCold   . . .        (no shield)
rNeg    . . .        R - +8 chain mail "Xesky" {rF++ Will-}
rPois   .            (no helmet)
rElec   .            (no cloak)
rCorr   .            (no gloves)
SInv    .            (no barding)
Will    .....        (no amulet) Stlth
                     (no ring)
HPRegen 0.29/turn    (no ring)
MPRegen 0.10/turn

%: roll
@: glowing
A: large, rugged brown scales 3, deformed body, armoured tail, roll, long
tongue, awkward tongue
a: Renounce Religion


You were on level 2 of the Dungeon.
You worshipped the Shining One.
The Shining One was noncommittal.
You visited 1 branch of the dungeon, and saw 5 of its levels.

You collected 134 gold pieces.

Inventory:

Hand Weapons
 a - a +0 short sword (weapon)
 N - a +0 flail of protection
 O - a +0 heavy long sword
Missiles
 J - 14 poisoned darts (quivered)
Armour
 b - a +0 leather armour
 R - the +8 chain mail "Xesky" (worn) {rF++ Will-}
   (You found it on level 1 of the Dungeon)

   rF:        It greatly protects you from fire.
   Will:      It decreases your willpower.
Magical Staves
 T - a staff of air
Wands
 g - a wand of digging (3)
 p - a wand of polymorph (9)
Scrolls
 d - a scroll of magic mapping
 F - a scroll of fog
 H - a scroll of identify {unknown}
 I - a scroll of vulnerability {unknown}
 M - a scroll of immolation {unknown}
 P - a scroll of poison {unknown}
 Q - a scroll of torment {unknown}
Potions
 h - 2 potions of haste
 L - 2 potions of lignification
 S - a potion of curing {unknown}


   Skills:
 * Level 4.6 Fighting
 - Level 3.0 Short Blades
 * Level 3.6 Armour
 - Level 1.3 Dodging
 - Level 6.0 Stealth


You had 5 spell levels left.
You didn't know any spells.
Your spell library contained the following spells:

 Spells                   Type           Power      Damage    Failure   Level
 Cause Fear               Hex            0%         N/A       100%        4
 Dragon Form              Tmut           0%         N/A       100%        7
 Dragon's Call            Summ           0%         N/A       100%        9


Dungeon Overview and Level Annotations

Branches:
Dungeon (5/15)
 Temple: D:4-7

Altars:
Dithmenos
The Shining One


Innate Abilities, Weirdness & Mutations

You are completely covered in rugged brown scales. (AC +3, +7% HP)
Armour fits poorly on your strangely shaped body.
You have a long armoured tail.
You roll when moving toward enemies. (Rampage)
Your long tongue fully drains potion bottles. (2x potion effects)
Your tongue gives you trouble enunciating. (1.5x scroll delay)


Message History

There is a stone staircase leading up here.
The bat hits you but does no damage. The orc hits you but does no damage.
You climb upwards.
There is a stone staircase leading down here.
You hit the orc.
Your tail-slap misses the orc.
The orc is moderately wounded.
The bat hits you but does no damage. The bat closely misses you.
The orc hits you with a +0 hand axe.
You hit the orc but do no damage.
The orc is moderately wounded.
The bat hits you but does no damage. The orc barely misses you.
You barely miss the orc. You tail-slap the orc.
You kill the orc!
The bat barely misses you.
You hit the bat.
You kill the bat!
No target in view!
No target in view!
You climb downwards.
The bat hits you but does no damage. The orc hits you but does no damage.
The orc priest calls down the wrath of Beogh upon you.
Beogh smites you! The orc hits you but does no damage.
There is a stone staircase leading up here.
The bat hits you but does no damage.
The orc priest invokes the aid of Beogh against you.
Beogh smites you! The orc hits you but does no damage.
You climb upwards.
There is a stone staircase leading down here.
You hit the orc but do no damage. The orc hits you but does no damage.
You hit the orc. You tail-slap the orc.
The orc is severely wounded.
The orc hits you but does no damage.
You hit the orc.
You kill the orc!
No target in view!
No target in view!
You start resting.
HP restored.
You climb downwards.
The bat hits you but does no damage.
The orc priest looks satisfied for a moment.
There is a stone staircase leading up here.
The bat hits you but does no damage.
The orc priest calls down the wrath of Beogh upon you.
Beogh smites you! The bat hits you but does no damage.
The bat hits you but does no damage.
The orc priest calls down the wrath of Beogh upon you.
Beogh smites you!
You climb upwards.
There is a stone staircase leading down here.
You hit the orc priest but do no damage.
Your tail-slap misses the orc priest.
The bat hits you but does no damage.
The orc priest calls down the wrath of Beogh upon you.
Beogh smites you! The bat hits you but does no damage.
You hit the orc priest but do no damage.
Your tail-slap misses the orc priest.
The bat hits you.
The orc priest hits you with a +0 short sword.
You barely miss the orc priest.
The orc priest looks encouraged for a moment.
You hit the orc priest.
The orc priest is lightly wounded.
The bat hits you but does no damage. The orc priest barely misses you.
You hit the orc priest but do no damage.
You tail-slap the orc priest.
The orc priest is heavily wounded.
You hit the orc priest.
The orc priest is severely wounded.
The bat hits you but does no damage. x2; The orc priest barely misses you.
You hit the orc priest but do no damage.
The orc priest is severely wounded.
The bat hits you but does no damage.
The orc priest hits you but does no damage.
You hit the orc priest.
The orc priest is severely wounded.
The bat hits you but does no damage.
The orc priest hits you but does no damage.
You hit the orc priest but do no damage.
The orc priest is severely wounded.
The bat hits you but does no damage.
The orc priest hits you but does no damage.
You hit the orc priest but do no damage.
The orc priest is severely wounded.
The bat hits you but does no damage.
The orc priest hits you but does no damage.
You barely miss the orc priest.
The orc priest is severely wounded.
You hit the orc priest but do no damage.
The orc priest is severely wounded.
The bat hits you but does no damage.
The orc priest mumbles some strange prayers to Beogh against you.
Pain shoots through your body!
You barely miss the orc priest.
The orc priest is severely wounded.
The orc priest mumbles some strange prayers to Beogh against you.
Beogh smites you!
* * * LOW HITPOINT WARNING * * *
As you slowly read the scroll of fear, it crumbles to dust.
You assume a fearsome visage.
The orc priest looks frightened!
The orc priest mumbles some strange prayers to Beogh against you.
Beogh smites you!
You die...

#.....##.....####
###.######....... #.#
##..#### #.#### #..#
#....# #..# ####.##.#
#..# #....##.####..#
#[###.........# #@#
#.#.####.## #o# #.#.#
#.# #.###.#.# #.#
#.##..#.# #.# #.#...#.#
#.# #.##.##.# #.#
#######.##.##.# #.#
#.......##.##.####.#####
#.########.##...........


You could see an orc priest (fleeing).

Vanquished Creatures
  A bullfrog (D:2)
  A vampire bat (D:2)
  Natasha (twice) (D:2)
  7 adders
  2 worms
  3 dart slugs
  7 orcs
  2 ball pythons
  11 bats
  5 endoplasms
  3 giant cockroaches
  3 goblins
  3 hobgoblins
  3 jackals (D:1)
  2 quokkas
  8 kobolds
  8 rats
71 creatures vanquished.

Notes
Turn   | Place    | Note
-------+----------+-------------------------------------------
     0 | D:5      | browni3141 the Armataur Delver began the quest for the Orb.
     0 | D:5      | Reached XP level 1. HP: 19/19 MP: 1/1
    41 | D:4      | Reached skill level 3 in Fighting
    41 | D:4      | Reached XP level 2. HP: 27/27 MP: 2/2
   172 | D:4      | Found a shadowy altar of Dithmenos.
   205 | D:3      | Reached XP level 3. HP: 17/33 MP: 3/3
   210 | D:3      | Reached skill level 3 in Short Blades
   517 | D:2      | Found a glowing golden altar of the Shining One.
   547 | D:1      | Reached skill level 6 in Stealth
   821 | D:2      | Became a worshipper of the Shining One
   951 | D:2      | Reached XP level 4. HP: 33/40 MP: 4/4
  1249 | D:1      | Found a faded altar of an unknown god.
  1260 | D:1      | Identified the +8 chain mail "Xesky" {rF++ Will-}
  1617 | D:2      | Noticed Natasha
  1625 | D:2      | Killed Natasha
  1673 | D:2      | Noticed Natasha
  1684 | D:2      | Killed Natasha
  1685 | D:2      | Reached XP level 5. HP: 41/49 MP: 5/5
  2217 | D:3      | Reached skill level 3 in Armour
  2386 | D:2      | Reached XP level 6. HP: 30/56 MP: 6/6
  2581 | D:2      | Killed from afar by an orc priest

Illustrated notes

Levels and vault maps discovered:
D:1:      erik_arrival_orb_chamber, layout_rooms,
          hellmonk_ecumenical_altar_lost_god
D:2:      layout_loops_ring, basic_altar, uniq_natasha
D:3:      layout_basic, minmay_strange_pillars, grunt_ministairs_2,
          roderic_batcave
D:4:      layout_rooms, nicolae_overflow_hidden_temple,
          mainiacjoe_overflow_tiny_flanked,
          hangedman_abyss_or_decor_jellyfish_corner, uniq_blork_the_orc,
          uniq_menkaure
D:5:      layout_basic, kiku_gazebo_pond_becter, serial_shops, shop,
          hangedman_abyss_or_decor_slice

Skill      XL: |  1  2  3  4  5 |
---------------+----------------+-----
Fighting       | 3 4 |  4.6
Short Blades   | 2 3 |  3.0
Stealth        | 6 |  6.0
Armour         | 1 3 |  3.6
Dodging        | |  1.3

Action                     |  1- 3 |  4- 6 || total
---------------------------+-------+-------++-------
  Melee: Short sword       |   114 |   164 ||   278
         Tailslap          |    10 |    19 ||    29
         Punch             |     1 |     4 ||     5
    Use: Potion            |     1 |       ||     1
         Scroll            |       |     1 ||     1
   Stab: Sleeping          |    13 |       ||    13
 Armour: Skin              |    29 |       ||    29
         Leather armour    |    24 |    12 ||    36
         Chain mail        |       |   161 ||   161
  Dodge: Dodged            |    30 |    72 ||   102
